 Dungeon Crawl Stone Soup version 0.29.0-11-gd7f09526c8 (webtiles) character file.

Game seed: 15006004798940432562

2618 apoch the Spear-Bearer (level 9, 0/78 HPs)
             Began as a Merfolk Fighter on Sept 7, 2022.
             Was a High Priest of Elyvilon.
             Slain by a wyvern (9 damage)
             ... on level 8 of the Dungeon.
             The game lasted 00:10:16 (8334 turns).

apoch the Spear-Bearer (Merfolk Fighter)            Turns: 8334, Time: 00:10:17

Health: 0/78       AC: 12    Str: 26    XL:     9   Next: 60%
Magic:  12/12      EV:  8    Int:  7    God:    Elyvilon [*****.]
Gold:   452        SH:  5    Dex: 20    Spells: 8/8 levels left

rFire   . . .      SeeInvis .   a - +1 trident
rCold   . . .      Faith    .   c - +0 buckler
rNeg    . . .      Spirit   .   y - +0 chain mail
rPois   .          Reflect  .   (no helmet)
rElec   .          Harm     .   g - +2 cloak
rCorr   .          Rampage  .   (no gloves)
Will    .....                   (no boots)
Stlth   ..........              (no amulet)
HPRegen 0.23/turn               m - +6 ring of strength
MPRegen 0.13/turn               q - +6 ring of dexterity

@: no status effects
A: (nimble swimmer 2), mertail
a: Renounce Religion, Purification, Heal Other, Heal Self, Divine Vigour


You were on level 8 of the Dungeon.
You worshipped Elyvilon.
Elyvilon was extremely pleased with you.
You visited 1 branch of the dungeon, and saw 8 of its levels.

You collected 452 gold pieces.

Inventory:

Hand Weapons
 a - a +1 trident (weapon)
 r - a +0 lajatang
Missiles
 w - 7 poisoned darts
 E - 3 boomerangs
 I - a curare-tipped dart
 K - 5 stones (quivered)
Armour
 b - a +0 scale mail
 c - a +0 buckler (worn)
 g - a +2 cloak (worn)
 y - a +0 chain mail (worn)
Jewellery
 m - a +6 ring of strength (left hand)
 q - a +6 ring of dexterity (right hand)
 s - a +6 ring of dexterity
 t - a ring of protection from fire
 z - a +6 ring of strength
 C - the amulet "Emahumuf" {Spirit rElec Regen+ Int+4}
   (You found it on level 6 of the Dungeon)

   [amulet of guardian spirit]

   It causes incoming damage to be divided between your reserves of health and
   magic.
   Int:       It affects your intelligence (+4).
   rElec:     It insulates you from electricity.
   Regen:     It increases your rate of health regeneration.
 D - a ring of willpower
 L - a ring of ice
Wands
 n - a wand of roots (8)
 p - a wand of flame (23)
Scrolls
 e - 2 scrolls of noise
 f - 6 scrolls of identify
 h - 3 scrolls of enchant weapon
 j - 2 scrolls of butterflies
 k - 5 scrolls of teleportation
 A - a scroll of poison {unknown}
 B - a scroll of fear {unknown}
 H - a scroll of acquirement {unknown}
Potions
 d - a potion of degeneration {unknown}
 i - 4 potions of magic {unknown}
 l - a potion of mutation {unknown}
 o - 2 potions of lignification
 u - 2 potions of heal wounds
 v - 6 potions of curing
 x - 3 potions of flight
 F - 3 potions of ambrosia {unknown}
 G - a potion of might
 J - a potion of brilliance {unknown}


   Skills:
 - Level 10.0 Fighting
 - Level 10.0 Polearms
 + Level 3.8 Armour
 - Level 3.0 Shields
 + Level 4.4 Invocations


You had 8 spell levels left.
You didn't know any spells.
Your spell library contained the following spells:

 Spells                   Type           Power      Damage    Failure   Level
 Necrotise                Necr           0%         1d4       98%         1
 Gell's Gravitas          Tloc           0%         N/A       100%        3
 Lesser Beckoning         Tloc           0%         N/A       100%        3
 Stone Arrow              Conj/Erth      0%         3d7       100%        3
 Teleport Other           Tloc           0%         N/A       100%        3
 Vampiric Draining        Necr           0%         2d6       100%        3
 Animate Armour           Summ/Erth      0%         N/A       100%        4
 Agony                    Necr           0%         N/A       100%        5
 Lehudib's Crystal Spear  Conj/Erth      0%         10d2      100%        8


Dungeon Overview and Level Annotations

Branches:
Dungeon (8/15)             Temple (0/1) D:6
   Lair: D:8-11

Altars:
Ashenzari
Elyvilon
Gozag
Okawaru
Vehumet


Innate Abilities, Weirdness & Mutations

((You are very nimble when in or above water. (Stealth+, EV+, Speed+++)))
Your lower body shifts to a powerful aquatic tail in water.


Message History

You puncture the wyvern!
The wyvern is almost dead.
The wyvern bites you but does no damage.
Something hits you but does no damage.
You hit something but do no damage. The wyvern bites you!
The wyvern barely misses you. Something hits you but does no damage.
You completely miss something. The wyvern bites you!
You bump into the rock wall.
The wyvern barely misses you. Something hits you.
The wyvern bites you but does no damage.
You hit something.
You feel less confused. Something hits you but does no damage.
The wyvern bites you.
You closely miss the wyvern.
The wyvern is almost dead.
Something hits you but does no damage. You block the wyvern's attack.
You hit the wyvern but do no damage.
The wyvern is almost dead.
The wyvern misses you.
You hear some strange, mumbled words.
You are confused.
The wyvern bites you but does no damage.
The wyvern bites you!
Items here: )) ? [[ †.
You closely miss the wyvern.
The wyvern is almost dead.
The wyvern barely misses you. Something completely misses you.
You bump into the rock wall.
The wyvern closely misses you. Something hits you but does no damage.
The wyvern bites you!
* * * LOW HITPOINT WARNING * * *
You closely miss the wyvern.
The wyvern is almost dead.
The wyvern bites you!
* * * LOW HITPOINT WARNING * * *
Something hits you but does no damage.
Unknown command.
You feel better.
The wyvern bites you but does no damage.
Something hits you but does no damage. The wyvern bites you!
You die...

.......... ### .....
.....>.... ##.. ...#
#.#...#... #... ...#
#.#...#... ###..#
..# #.#...#.## .....
..# #.#...#.##
######..# #.#
#.#...#.##
........#####.#
#.......##
#{l@....#####.......
#######.........####
#.........####
###.###.#...##..
#..............#
#..#.#.#.#.#.#...
#..............#.
#....⌠.....⌠.....
#......._.......#


You could see a wyvern.

Vanquished Creatures
  A water moccasin (D:7)
  Duvessa (D:7)
  4 ice beasts
  2 black bears (D:6)
  2 ogres (D:4)
  3 centaurs
  A phantom (D:3)
  2 kobold brigands
  4 scorpions
  4 bullfrogs
  Dowan (D:7)
  2 hounds (D:6)
  3 orc priests
  A jelly (D:5)
  8 iguanas
  4 orc wizards
  3 gnolls (D:3)
  4 adders
  2 white imps (D:5)
  2 ufetubi
  13 dart slugs
  18 orcs
  9 endoplasms
  3 giant cockroaches
  8 goblins
  8 hobgoblins
  3 quokkas
  8 ball pythons
  7 bats
  4 frilled lizards
  12 kobolds
  2 rats
149 creatures vanquished.

Notes
Turn   | Place    | Note
-------+----------+-------------------------------------------
     0 | D:1      | apoch the Merfolk Fighter began the quest for the Orb.
     0 | D:1      | Reached XP level 1. HP: 18/18 MP: 1/1
   184 | D:1      | Reached XP level 2. HP: 17/24 MP: 2/2
   300 | D:1      | Found a faded altar of an unknown god.
   322 | D:1      | Prayed at the altar of an unknown god.
   322 | D:1      | Became a worshipper of Elyvilon the Healer
   322 | D:1      | Reached * piety under Elyvilon
   530 | D:1      | You fall into a shaft and drop 1 floor!
   561 | D:2      | Reached XP level 3. HP: 29/29 MP: 3/3
   924 | D:1      | Reached ** piety under Elyvilon
  1168 | D:2      | Reached skill level 5 in Polearms
  1628 | D:3      | Reached XP level 4. HP: 35/35 MP: 4/4
  1791 | D:3      | Noticed a phantom
  1796 | D:3      | Killed a phantom
  1797 | D:3      | Reached XP level 5. HP: 34/41 MP: 5/5
  2006 | D:2      | Reached *** piety under Elyvilon
  2762 | D:3      | Reached XP level 6. HP: 37/47 MP: 6/6
  3730 | D:4      | Reached XP level 7. HP: 35/52 MP: 7/7
  3845 | D:4      | Reached skill level 10 in Polearms
  4145 | D:5      | Entered Level 5 of the Dungeon
  4483 | D:5      | Identified the +11 flail "Ompo" {spect, Dex+4}
  4554 | D:5      | Reached skill level 5 in Fighting
  4771 | D:5      | Reached **** piety under Elyvilon
  5242 | D:5      | Reached XP level 8. HP: 48/64 MP: 5/8
  5366 | D:5      | Found an opulent altar of Gozag.
  5975 | D:6      | Identified the amulet "Emahumuf" {Spirit rElec Regen+
                  | Int+4}
  5999 | D:6      | Found a staircase to the Ecumenical Temple.
  6283 | D:6      | Found an iron altar of Okawaru.
  6443 | D:6      | Found a radiant altar of Vehumet.
  6610 | D:6      | Reached XP level 9. HP: 63/78 MP: 9/9
  6798 | D:7      | Reached skill level 10 in Fighting
  7061 | D:7      | Reached skill level 1 in Invocations
  7175 | D:7      | Reached ***** piety under Elyvilon
  7302 | D:7      | Found a broken altar of Ashenzari.
  7472 | D:7      | Noticed Duvessa
  7473 | D:7      | Noticed Dowan
  7483 | D:7      | Killed Duvessa
  7487 | D:7      | Killed Dowan
  8176 | D:8      | Found a white marble altar of Elyvilon.
  8332 | D:8      | HP: 1/78 [wyvern (14)]
  8334 | D:8      | Slain by a wyvern

Illustrated notes

Levels and vault maps discovered:
D:1:      ncdulo_lavacross, layout_loops_cross, nicolae_ecumenical_lake_church
D:2:      layout_basic
D:3:      layout_loops_ring, eino_tiny_chamber,
          minmay_fractal_squares_diagonal_5
D:4:      layout_cave_pools
D:5:      kennysheep_slugbush, layout_basic, nicolae_overflow_hidden_temple,
          minmay_crossroads
D:6:      layout_basic, kennysheep_mini, kennysheep_mini_moat,
          minmay_temple_entry_trees, minmay_misc_feat_alley
D:7:      layout_loops_corners, ashenzari_altar_1, grunt_decor_arrowhead,
          uniq_duvessa
D:8:      layout_loops_cross, kiku_gazebo_garden_becter, elyvilon_altar_5,
          gammafunk_ghost_nasty_kobolds, minivault_5, kennysheep_dice,
          uniq_joseph, uniq_grum

Skill      XL: |  1  2  3  4  5  6  7  8  9 |
---------------+----------------------------+-----
Polearms       | 3 4 5 6 8 9 10 | 10.0
Fighting       | 6 9 10 | 10.0
Invocations    | 4 |  4.4
Armour         | 3 |  3.8
Shields        | |  3.0

Action                   |  1- 3 |  4- 6 |  7- 9 || total
-------------------------+-------+-------+-------++-------
Melee: Trident           |   152 |   142 |   313 ||   607
       Tailslap          |       |       |     1 ||     1
Throw: Stone             |    24 |    23 |    38 ||    85
       Dart              |       |       |     5 ||     5
Invok: Heal Self         |       |       |     1 ||     1
  Use: Scroll            |       |    11 |       ||    11
       Potion            |       |     1 |     1 ||     2
Armor: Scale mail        |    66 |    43 |    12 ||   121
       Chain mail        |       |       |   130 ||   130
Dodge: Dodged            |    52 |    48 |    66 ||   166
Block: Buckler           |    24 |    33 |    39 ||    96
